details: '2 holy light win'

« prev index next »

General information

Mini Map

Players

team 1
Random» UndeadOopgrub (red | 33 APM | 314 actions | 09:26)
Hero icon 2 Death Knight
Ability icon 1 Death Coil
Ability icon 1 Unholy Aura

» actions
Build / train39
Enter build submenu13
Enter hero's abilities submenu2
Right click124
Select / deselect114
Use ability22
314 total
» units
Acolyte3
Ghoul5
Crypt Fiend7
15 total
» upgrades
Creature Attack1
Creature Carapace1
Web1
Burrow1
4 total
» buildings
Altar of Darkness1
Ziggurat4
Crypt2
Tomb of Relics1
Nerubian Tower2
Graveyard1
Halls of the Dead2
Spirit Tower6
Black Citadel3
Slaughterhouse1
Sacrificial Pit1
24 total
» build order
00:06 Altar of Darkness
00:11 Ziggurat
00:14 Crypt
01:13 Tomb of Relics
01:35 Ziggurat
01:42 Nerubian Tower
01:42 Nerubian Tower
02:35 Graveyard
03:53 Halls of the Dead
04:02 Crypt
04:14 Ziggurat
04:19 Ziggurat
06:41 Spirit Tower
06:41 Spirit Tower
06:42 Spirit Tower
06:56 Spirit Tower
08:16 Black Citadel
08:16 Black Citadel
08:16 Black Citadel
08:50 Slaughterhouse
08:58 Sacrificial Pit
» items
Rod of Necromancy1
1 total
team 2
HumanAl_nino_Borland (blue | 81 APM | 763 actions | 09:28)
Hero icon 4 Paladin
Ability icon 2 Holy Light
Ability icon 2 Divine Shield

» actions
Assign group hotkey84
Basic commands9
Build / train54
Enter build submenu24
Enter hero's abilities submenu4
Give item / drop item2
Right click214
Select / deselect174
Select group hotkey143
Use ability55
763 total
» units
Peasant15
Footman5
Goblin Shredder1
21 total
» upgrades
Masonry2
Lumber Harvesting1
3 total
» buildings
Altar of Kings1
Farm5
Barracks1
Lumber Mill1
Scout Tower21
Keep1
Arcane Tower1
Town Hall2
Guard Tower18
Castle2
Blacksmith1
54 total
» build order
00:10 Altar of Kings
00:14 Farm
00:45 Barracks
00:53 Farm
01:24 Lumber Mill
01:41 Farm
02:47 Farm
03:26 Farm
04:29 Scout Tower
04:37 Keep
05:07 Arcane Tower
05:35 Town Hall
06:26 Scout Tower
06:27 Scout Tower
06:28 Scout Tower
06:29 Scout Tower
06:29 Scout Tower
06:30 Scout Tower
06:34 Scout Tower
06:35 Scout Tower
06:36 Scout Tower
06:40 Scout Tower
06:50 Scout Tower
06:51 Scout Tower
07:05 Guard Tower
07:06 Castle
07:08 Guard Tower
07:17 Guard Tower
07:17 Guard Tower
07:17 Guard Tower
07:24 Guard Tower
07:25 Guard Tower
07:27 Guard Tower
07:33 Guard Tower
07:34 Guard Tower
07:34 Guard Tower
07:43 Guard Tower
07:44 Guard Tower
07:44 Guard Tower
07:50 Blacksmith
08:45 Town Hall
08:46 Scout Tower
08:48 Scout Tower
08:49 Scout Tower
08:50 Scout Tower
08:51 Scout Tower
08:52 Scout Tower
08:53 Scout Tower
08:53 Scout Tower
» items
Boots of Speed1
Staff of Teleportation1
2 total